 Dungeon Crawl Stone Soup version 0.20.0-15-g7f486f2 (webtiles) character file.

18 Monsterracer the Magician (level 2, 15/15 HPs)
             Began as a Deep Elf Wizard on June 18, 2017.
             Quit the game on level 1 of the Dungeon.
             The game lasted 00:03:18 (979 turns).

Monsterracer the Magician (Deep Elf Wizard)          Turns: 979, Time: 00:03:18

Health: 15/15      AC:  2    Str:  4    XL:     2   Next: 48%
Magic:  8/8        EV: 13    Int: 22    God:
Gold:   73         SH:  0    Dex: 16    Spells: 6/9 levels left

rFire    . . .     SeeInvis +   (no weapon)
rCold    . . .     Gourm    .   (no shield)
rNeg     . . .     Faith    .   a - +0 robe
rPois    +         Spirit   .   b - +0 hat
rElec    .         Reflect  .   (no cloak)
rCorr    +         Harm     .   (no gloves)
MR       .....                  (no boots)
Stlth    ++........             (no amulet)
Regen    0.1/turn               e - +3 ring of dexterity
MPRegen  0.2/turn               h - ring of resist corrosion

@: no status effects
A: see invisible, low mp 1, poison resistance, subdued magic 1
a: no special abilities


You were on level 1 of the Dungeon.
You were not hungry.

You visited 1 branch of the dungeon, and saw 1 of its levels.

You collected 73 gold pieces.

Inventory:

Armour
 a - a +0 robe (worn)
 b - a +0 hat (worn)
Jewellery
 e - a +3 ring of dexterity (left hand)
 h - a ring of resist corrosion (right hand)
Scrolls
 j - 2 scrolls of remove curse {unknown}
 k - a scroll of teleportation {unknown}
 l - a scroll of identify {unknown}
Books
 c - a book of Minor Magic

   Spells                             Type                      Level
   a - Magic Dart                     Conjuration                  1
   b - Blink                          Translocation                2
   c - Call Imp                       Summoning                    2
   d - Slow                           Hexes                        2
   e - Conjure Flame                  Conjuration/Fire             3
   f - Mephitic Cloud                 Conjuration/Poison/Air       3
Comestibles
 d - a bread ration
 f - 2 fruits
 g - 2 royal jellies
 i - a meat ration


   Skills:
 - Level 2.4 Dodging
 - Level 2.4 Stealth
 - Level 4.4 Spellcasting
 + Level 2.8 Conjurations
   Level 1.1 Summonings
 - Level 1.1 Translocations


You had 6 spell levels left.
You knew the following spells:

 Your Spells              Type           Power        Failure   Level  Hunger
a - Magic Dart            Conj           ##..         2%          1    None
b - Blink                 Tloc           N/A          9%          2    #......


Dungeon Overview and Level Annotations

Branches:
Dungeon (1/15)

Altars:


Innate Abilities, Weirdness & Mutations

You have supernaturally acute eyesight. (SInv)
Your magical capacity is low. (-10% MP)
Your system is resistant to poisons. (rPois)
Your spells are a little easier to cast, but a little less powerful.


Message History

Casting: Magic Dart
Confirm with . or Enter, or press ? or * to list all spells.
Aiming: Magic Dart
Press: ? - help, Shift-Dir - straight line, f/p - hobgoblin
Aim: a hobgoblin (almost dead)
The magic dart hits the hobgoblin.
You kill the hobgoblin!
You start resting.
Magic restored.
m - 2 black potions It was a potion of mutation.
You feel extremely strange.
Your connection to magic feels subdued.
Your feet thicken and deform.
Your vision blurs.
Your magic regains its normal vibrancy.
Found 14 sling bullets.
You feel extremely strange.
Your vision sharpens.
Your hooves expand and flesh out into feet!
Your connection to magic feels subdued.
You feel resistant to poisons.
You feel less energetic.
Your vision sharpens.
Are you sure you want to abandon this character and quit the game? (Confirm with "yes".)

.......)....# #.##.
#.............# #.##.
#..........#### #..#.
#..........# ##.#.
+..........+ #.
##..........# #.
#.....†.....# #.
#...........# #.
#....@......# #.
#.!..#+##...#########.
#...(# #...##........
#....#.##...##........
#....#.....###........
#....####..........##.
#########..........##.
#.........[.....##.
#.####..##########.


There were no monsters in sight!

Vanquished Creatures
  2 dart slugs (D:1)
  A leopard gecko (D:1)
  A giant cockroach (D:1)
  2 hobgoblins (D:1)
  3 kobolds (D:1)
  2 bats (D:1)
  A rat (D:1)
12 creatures vanquished.

Notes
Turn   | Place    | Note
-------+----------+-------------------------------------------
     0 | D:1      | Monsterracer the Deep Elf Wizard began the quest for the Orb.
     0 | D:1      | Reached XP level 1. HP: 10/10 MP: 7/7
   369 | D:1      | Reached XP level 2. HP: 15/15 MP: 5/9
   441 | D:1      | Learned a level 2 spell: Blink
   972 | D:1      | Gained mutation: Your spells are a little easier to cast, but a little less powerful. [potion of mutation]
   972 | D:1      | Gained mutation: You have large cloven feet. [potion of mutation]
   972 | D:1      | Gained mutation: Scrolls take you a little longer to read. [potion of mutation]
   972 | D:1      | Lost mutation: Your spells are a little easier to cast, but a little less powerful. [potion of mutation]
   978 | D:1      | Lost mutation: Scrolls take you a little longer to read. [potion of mutation]
   978 | D:1      | Lost mutation: You have large cloven feet. [potion of mutation]
   978 | D:1      | Gained mutation: Your spells are a little easier to cast, but a little less powerful. [potion of mutation]
   978 | D:1      | Gained mutation: Your system is resistant to poisons. (rPois) [potion of mutation]
   978 | D:1      | Gained mutation: Your magical capacity is low. (-10% MP) [potion of mutation]
   978 | D:1      | Gained mutation: You have supernaturally acute eyesight. (SInv) [potion of mutation]
   979 | D:1      | Quit the game

Skill      XL: |  1 |
---------------+----+-----
Conjurations   | 2 |  2.8
Dodging        | |  2.4
Stealth        | |  2.4
Spellcasting   | |  4.4
Summonings     | |  1.1
Translocations | |  1.1

Action                   || total
-------------------------++-------
Melee: Unarmed           ||     1
 Cast: Magic Dart        ||    28
  Use: Potion            ||     4
